 Dungeon Crawl Stone Soup version 0.25-a0-100-g33052ce (webtiles) character file.

Game seed: 11702570800520669698, levelgen mode: deterministic

214 HungryMoth the Covered (level 5, -1/47 HPs)
             Began as a Minotaur Fighter on Nov 14, 2019.
             Slain by a hornet (4 damage)
             ... on level 4 of the Dungeon.
             The game lasted 00:02:50 (2390 turns).

HungryMoth the Covered (Minotaur Fighter)           Turns: 2390, Time: 00:02:51

Health: -1/47      AC:  8    Str: 25    XL:     5   Next: 59%
Magic:  4/4        EV:  8    Int:  5    God:
Gold:   195        SH: 10    Dex: 15    Spells: 4/4 levels left

rFire    . . .     SeeInvis .   a - +0 war axe
rCold    . . .     Gourm    .   c - +0 shield
rNeg     . . .     Faith    .   b - +0 scale mail
rPois    .         Spirit   .   (helmet restricted)
rElec    .         Reflect  .   g - +0 cloak
rCorr    .         Harm     .   (no gloves)
MR       .....                  (no boots)
Stlth    ..........             s - amulet of regeneration
HPRegen  0.55/turn              h - +4 ring of dexterity
MPRegen  0.09/turn              (no ring)

@: mighty, lethally poisoned (-1 -> -2), slowed, very slow
A: retaliatory headbutt, horns 2
a: no special abilities


You were on level 4 of the Dungeon.
You were hungry.

You visited 1 branch of the dungeon, and saw 4 of its levels.

You collected 195 gold pieces.

Inventory:

Hand Weapons
 a - a +0 war axe (weapon)
Armour
 b - a +0 scale mail (worn)
 c - a +0 shield (worn)
 g - a +0 cloak (worn)
Jewellery
 h - a +4 ring of dexterity (left hand)
 s - an amulet of regeneration (around neck)
 t - a cursed amulet of inaccuracy {unknown}
Scrolls
 e - 2 scrolls of magic mapping {unknown}
 i - 7 scrolls of teleportation {unknown}
 l - a scroll of enchant armour {unknown}
 o - a scroll of remove curse {unknown}
 p - 3 scrolls of identify {unknown}
 q - 3 scrolls of blinking {unknown}
 u - a scroll of amnesia {unknown}
Potions
 d - a potion of might
 j - a potion of berserk rage {unknown}
 k - a potion of lignification {unknown}
 m - a potion of magic {unknown}
 n - a potion of haste {unknown}
 r - a potion of curing {unknown}
 v - a potion of degeneration {unknown}
Comestibles
 f - 5 rations


   Skills:
 + Level 4.9 Fighting
 + Level 4.1 Axes
 + Level 5.0 Armour
 + Level 4.9 Shields


You had 4 spell levels left.
You didn't know any spells.
Your spell library contained the following spells:

 Spells                   Type           Power        Failure   Level  Hunger
 Magic Dart               Conj           #...         99%         1    ##.....
 Searing Ray              Conj           #.....       100%        2    ###....
 Dazzling Spray           Conj/Hex       #.....       100%        3    ####...
 Force Lance              Conj/Tloc      #.......     100%        4    #####..
 Fulminant Prism          Conj/Hex       #.........   100%        4    #####..
 Iskenderun's Mystic Bla  Conj           #.......     100%        4    #####..


Dungeon Overview and Level Annotations

Branches:
Dungeon (4/15)
 Temple: D:4-7

Altars:
Fedhas
Yredelemnul

Annotations:
D:4 Sigmund


Innate Abilities, Weirdness & Mutations

You reflexively headbutt those who attack you in melee.
You have a pair of horns on your head.


Message History

The magic dart hits you! You block the hornet's attack.
You feel yourself speed up. The hornet stings you.
You feel yourself slow down. The hornet stings you!
You are poisoned.
You feel as though you will be slow longer.
You feel sick. The hornet closely misses you. You furiously retaliate!
You headbutt the hornet, but do no damage.
You feel very mighty all of a sudden.
You feel sick. The hornet stings you!
* * * LOW HITPOINT WARNING * * *
You feel as though you will be slow longer.
You block something's attack.
The hornet stings you but does no damage.
Your shield prevents you from hitting the hornet.
You headbutt the hornet!
The hornet is heavily wounded.
You feel sick. You block the hornet's attack.
A worker ant comes into view.
The hornet stings you.
You die...

#.?..#.#.......( . #
#.##.#.#.###########
a##.#.##.#.#....(.......
.....#..#.#..##########
#.###.#.#..#.#..##..)...#.
#.......#[.†....##...##.#.
....#...#....##.####.##.#.
#........#..##.# #..#.<..
##.....y@....#.# #.##.###
#.....######.#.# #.##.#
#.#... #...# #....# ..
#..# ##### ###### # #.>
#.. #..


You could see a hornet and a worker ant (wandering).

Vanquished Creatures
  An iguana (D:3)
  A worker ant (D:4)
  4 gnolls (D:2)
  3 adders (D:2)
  2 oozes
  5 worms
  3 leopard geckos (D:1)
  3 orcs (D:2)
  A ball python (D:3)
  6 giant cockroaches
  7 goblins
  11 hobgoblins
  3 jackals (D:2)
  6 bats
  2 frilled lizards
  9 kobolds
  5 rats
72 creatures vanquished.

Notes
Turn   | Place    | Note
-------+----------+-------------------------------------------
     0 | D:1      | HungryMoth the Minotaur Fighter began the quest for the
                  | Orb.
     0 | D:1      | Reached XP level 1. HP: 19/19 MP: 0/0
    94 | D:1      | Reached XP level 2. HP: 21/27 MP: 1/1
   302 | D:1      | Reached skill level 4 in Armour
   421 | D:1      | Reached XP level 3. HP: 33/33 MP: 2/2
   730 | D:2      | Reached XP level 4. HP: 39/41 MP: 3/3
  1095 | D:2      | Reached XP level 5. HP: 47/47 MP: 4/4
  1478 | D:3      | Found a basalt altar of Yredelemnul.
  2024 | D:3      | Found a blossoming altar of Fedhas.
  2376 | D:4      | Reached skill level 5 in Armour
  2383 | D:4      | Noticed a hornet
  2384 | D:4      | Noticed Sigmund
  2390 | D:4      | Slain by a hornet

Levels and vault maps discovered:
D:1:      grunt_arrival_crossed_arrows, layout_rooms, serial_glass,
          glass_columns_a, glass_columns_b, glass_columns_a, glass_columns_a,
          glass_columns_a, glass_columns_a, minmay_ruptured
D:2:      layout_basic, serial_forest, infiniplex_forest_lined_3_way,
          infiniplex_forest_straight_5, infiniplex_forest_straight_3,
          infiniplex_forest_clump_double, infiniplex_forest_lined_room_3,
          infiniplex_forest_end_1, infiniplex_forest_lined_2,
          infiniplex_forest_clump_medium
D:3:      layout_loops_corners, lemuel_doored_altar,
          nicolae_overflow_crystal_walls
D:4:      layout_basic, elyvilon_altar_5, serial_shops, kennysheep_mini,
          uniq_sigmund

Skill      XL: |  1  2  3  4  5 |
---------------+----------------+-----
Fighting       | 4 |  4.9
Armour         | 4 5 |  5.0
Shields        | 4 |  4.9
Axes           | 3 4 |  4.1

Action                   |  1- 3 |  4- 6 || total
-------------------------+-------+-------++-------
Melee: War axe           |    83 |    77 ||   160
       Headbutt          |     9 |    11 ||    20
  Use: Potion            |       |     1 ||     1
  Eat: Chunk             |       |     4 ||     4
Armor: Scale mail        |    24 |    30 ||    54
Dodge: Dodged            |    24 |    19 ||    43
Block: Shield            |    55 |    37 ||    92

Table legend:
 A = Non-vault XP
 B = Vault XP
 C = Vault XP percentage of total XP
 D = Non-vault monster count
 E = Vault monster count
 F = Vault count percentage of total count
                 A         B        C        D         E       F
            +---------+---------+-------+---------+---------+-------
      Total |     301 |       5 |   1.6 |      68 |       4 |   5.6
            +---------+---------+-------+---------+---------+-------
        D:1 |      44 |       5 |  10.2 |      23 |       4 |  14.8
        D:2 |     153 |       0 |   0.0 |      30 |       0 |   0.0
        D:3 |      70 |       0 |   0.0 |      14 |       0 |   0.0
        D:4 |      34 |       0 |   0.0 |       1 |       0 |   0.0
            +---------+---------+-------+---------+---------+-------
